AoeStats
← Miklós Zrínyi VII.

Arabia

510879534Analyzed
1v1 RM · 9h ago on Oct 2, 2026· 24m 39s· 2 players
Game mode
Random Map
Map size
Tiny (2 player)
Population
200
Speed
Normal
Resources
Standard
Victory
Conquest
Starting age
Dark Age
Ending age
Imperial Age
RankedLock teamsTeams togetherTeam positionsShared explorationLock speedFull tech treeHidden civsTurbo modeCheats
Victory
Defeat
🇩🇪 Maya · Germany
591
+16
🇨🇱 Huns · Chile
600
-16
Miklós Zrínyi VII.
7:33 Loom
7:51 Loom
10:21 Feudal Age
11:37 Double-Bit Axe
17:32 Fletching
17:43 Padded Archer Armor
22:25 Horse Collar
mfuentesk
13:00 Loom
14:59 Feudal Age
16:35 Wheelbarrow
15:49 Double-Bit Axe
15:48 Horse Collar
16:18 Gold Mining
16:20 Stone Mining
19:58 Man-at-Arms
Connection lost

Rejoining the realm…

Still unreachable

The connection could not be restored.

Session expired

The server has moved on; the page needs a fresh start.